 Dungeon Crawl Stone Soup version 0.30-a0-509-gd016549fea (webtiles) character file.

Game seed: 14110472414025165571

114 hikkokomori the Digger (level 4, 0/24 HPs)
             Began as a Gargoyle Earth Elementalist on Dec 23, 2022.
             Killed by divine providence
             ... invoked by an orc priest
              (15 damage)
             ... on level 4 of the Dungeon.
             The game lasted 00:02:33 (2698 turns).

hikkokomori the Digger (GrEE)                       Turns: 2698, Time: 00:02:34

Health: 0/24       AC:  5    Str: 11    XL:     4   Next: 97%
Magic:  5/8        EV: 11    Int: 24    God:
Gold:   129        SH:  0    Dex: 10    Spells: 3/9 levels left

rFire   . . .      SeeInvis .    k - +0 short sword
rCold   . . .      Faith    .    (no shield)
rNeg    + . .      Spirit   .    a - +0 robe
rPois   ∞          Reflect  .    (no helmet)
rElec   +          Harm     .    (no cloak)
rCorr   .          Rampage  .    (no gloves)
Will    .....                    (no boots)
Stlth   ++........               i - amulet of regeneration
HPRegen 1.04/turn                c - +6 ring of intelligence
MPRegen 0.11/turn                (no ring)

@: no status effects
A: sickness immunity, AC +3, negative energy resistance 1, electricity
resistance, torment resistance 1, petrification resistance
a: no special abilities


You were on level 4 of the Dungeon.
You visited 1 branch of the dungeon, and saw 4 of its levels.

You collected 129 gold pieces.

Inventory:

Hand Weapons
 k - a +0 short sword (weapon)
 w - a +1 lajatang of distortion
Armour
 a - a +0 robe (worn)
Magical Staves
 o - a staff of air
Jewellery
 c - a +6 ring of intelligence (left hand)
 i - an amulet of regeneration (around neck)
 r - an amulet of the acrobat
Scrolls
 d - 2 scrolls of teleportation {unknown}
 f - 6 scrolls of identify {unknown}
 h - a scroll of magic mapping {unknown}
 j - a scroll of fear {unknown}
 m - a scroll of poison {unknown}
 n - 2 scrolls of blinking {unknown}
 p - a scroll of torment {unknown}
 s - a scroll of brand weapon {unknown}
 u - a scroll of enchant armour {unknown}
 v - a scroll of acquirement {unknown}
Potions
 b - a potion of magic
 e - a potion of ambrosia {unknown}
 g - 2 potions of heal wounds {unknown}
 l - 2 potions of curing {unknown}
 q - 2 potions of flight {unknown}
 t - 2 potions of lignification {unknown}


   Skills:
 - Level 1.5 Dodging
 - Level 2.1 Stealth
 + Level 3.2 Spellcasting
 + Level 1.9 Conjurations
 - Level 0.7 Transmutations
 + Level 5.0 Earth Magic


You had 3 spell levels left.
You knew the following spells:

 Your Spells              Type           Power      Damage    Failure   Level
a - Sandblast             Erth           56%        2d13      1%          1
b - Stone Arrow           Conj/Erth      40%        3d9       8%          3
c - Passwall              Tmut/Erth      14%        N/A       4%          2

Your spell library contained the following spells:

 Spells                   Type           Power      Damage    Failure   Level
 Apportation              Tloc           6%         N/A       11%         1
 Petrify                  Tmut/Erth      17%        N/A       32%         4
 Alistair's Intoxication  Tmut/Pois      3%         N/A       95%         5


Dungeon Overview and Level Annotations

Branches:
Dungeon (4/15)
 Temple: D:4-7

Altars:


Innate Abilities, Weirdness & Mutations

You are immune to sickness and miasma.
Your stone body is resilient. (AC +3)
You are immune to poison.
You resist negative energy. (rN+)
You are resistant to electric shocks. (rElec)
You are resistant to unholy torment.
You are immune to petrification.


Message History

Aiming: Sandblast (safe; 1% risk of failure)
Press: ? - help, Shift-Dir - straight line, f - orc
Aim: an orc, wielding a +0 club and wearing a +0 scale mail (severely wounded, 85% to hit)
The blast of sand hits the orc.
You kill the orc!
You start resting.
HP restored.
You start resting.
Magic restored.
You see here a +1 lajatang of distortion.
w - a +1 lajatang of distortion Really wield
w - a +1 lajatang of distortion?
Okay, then.
Okay, then.
Done exploring.
There is a stone staircase leading up here.
You see here a rat corpse.
There is an escape hatch in the ceiling here.
There is an escape hatch in the floor here.
There is a stone staircase leading down here.
Things that are here:
a +0 flail; a +0 whip You climb downwards.
The goblin shouts!
The kobold throws a stone.
The stone hits you but does no damage.
Found a leather armour.
There is a stone staircase leading up here.
The blast of sand hits the kobold!!
You kill the kobold!
A giant cockroach comes into view.
The blast of sand hits the goblin!
You kill the goblin!
The orc priest mumbles some strange prayers to Beogh against you.
Beogh smites you!
The blast of sand hits the orc!
You kill the orc!
The orc priest invokes the aid of Beogh against you.
Beogh smites you!
Ouch! That really hurt!
You die...

..o.....<..#
s..###..o.#
...# #...## ...
.##..†###..#
#.o<.).#.#..
o.K...#.).....
....####.....#
##.
##.#.#...#.##..
#
...B...@.......
...#.......####
.[......##..#
......### .#
.....# .. .....
.# .... # ##.#


You could see an orc priest, an orc and a giant cockroach.

Vanquished Creatures
  3 gnolls (D:3)
  An adder (D:4)
  A shadow imp (D:3)
  An ufetubus (D:4)
  4 dart slugs
  3 orcs
  7 ball pythons
  5 endoplasms (D:1)
  3 giant cockroaches
  7 goblins
  3 hobgoblins
  6 kobolds
  2 quokkas (D:1)
  A frilled lizard (D:1)
  6 rats
53 creatures vanquished.

Notes
Turn   | Place    | Note
-------+----------+-------------------------------------------
     0 | D:1      | hikkokomori the Gargoyle Earth Elementalist began the quest
                  | for the Orb.
     0 | D:1      | Reached XP level 1. HP: 10/10 MP: 3/3
   246 | D:1      | Reached XP level 2. HP: 15/15 MP: 3/5
   248 | D:1      | Reached skill level 4 in Earth Magic
   732 | D:1      | Reached XP level 3. HP: 19/19 MP: 4/6
   736 | D:1      | Learned a level 3 spell: Stone Arrow
   739 | D:1      | Learned a level 2 spell: Passwall
  2039 | D:2      | Found the +3 woodcutter's axe {vorpal}
  2182 | D:3      | Found a faded altar of an unknown god.
  2245 | D:3      | Reached skill level 1 in Conjurations
  2245 | D:3      | Reached XP level 4. HP: 24/24 MP: 5/8
  2588 | D:4      | Reached skill level 5 in Earth Magic
  2595 | D:4      | Noticed a scorpion
  2698 | D:4      | Killed from afar by an orc priest

Illustrated notes

Levels and vault maps discovered:
D:1:      minmay_arrival_solitary_statue, layout_loops_corners,
          hangedman_decor_slide_cut
D:2:      layout_basic, minmay_tetromino_l2
D:3:      layout_basic, basic_ecumenical_altar, minmay_pentomino_pile
D:4:      layout_cave_pools, ashenzari_altar_1, minmay_temple_entry_glass

Skill      XL: |  1  2  3  4 |
---------------+-------------+-----
Earth Magic    | 4 5 |  5.0
Conjurations   | 1 |  1.9
Spellcasting   | 3 |  3.2
Dodging        | |  1.5
Stealth        | |  2.1
Transmutations | |  0.7

Action                   |  1- 3 |  4- 6 || total
-------------------------+-------+-------++-------
Melee: Unarmed           |    10 |       ||    10
       Short sword       |       |     5 ||     5
 Cast: Sandblast         |    48 |    18 ||    66
Armor: Robe              |    14 |     1 ||    15
Dodge: Dodged            |    15 |     3 ||    18

Table legend: (Time is in decaauts)
 A = Elapsed time spent in this place.
 B = Non-inter-level travel time spent in this place.
 C = Inter-level travel time spent in this place.
 D = Time resting spent in this place.
 E = Time spent auto-exploring this place.
 F = Levels seen in this place.
 G = Mean time per level.
                   A        B        C        D        E       F      G
               +--------+--------+--------+--------+--------+-----+--------+
         Total |   2729 |   2620 |    109 |     43 |   2294 |   4 |  682.2 |
       Dungeon |   2729 |   2620 |    109 |     43 |   2294 |   4 |  682.2 |
               +--------+--------+--------+--------+--------+-----+--------+

Top non-repeatable levels by time:
     D:1: 1286 daAuts
     D:2: 914 daAuts
     D:3: 499 daAuts
     D:4: 29 daAuts
